Map: Eastwatch LE

Players

Test - Winner!

  • Race: Terran Terran
  • Spawn Location: 7:00

Felipe

  • Race: Protoss Protoss
  • League: Silver
  • Spawn Location: 1:00

VOD

Have the link to the VOD?

Description

Time

  • Played on: May 13, 2018, 10:41 a.m.
  • Length: 10:33
Show
View Real Time Build Order
Export as new Build Order

Test Terran - Winner!

Build Orders: MMM Bio 

Get SALT Encoding   

  12  0:01  SCV  
  13  0:16  Supply Depot  
  13  0:17  SCV  
  14  0:29  SCV  
  15  0:40  Barracks  
  15  0:41  SCV  
  16  0:53  SCV, Refinery  
  17  1:03  Supply Depot  
  17  1:06  SCV  
  18  1:20  SCV  
  19  1:37  Command Center  
  19  1:46  SCV  
  20  1:54  Reaper  
  21  2:02  SCV  
  21  2:04  Refinery  
  22  2:13  Supply Depot  
  22  2:27  Barracks  
  22  2:31  Factory  
  22  2:42  Orbital Command  
  22  2:46  Refinery  
  22  2:49  Reaper  
  23  3:16  Barracks Tech Lab  
  23  3:20  SCV  
  23  3:21  SCV  
  25  3:32  SCV  
  25  3:33  SCV  
  27  3:44  SCV  
  27  3:47  SCV  
  29  3:56  SCV  
  29  3:59  SCV  
  31  4:05  Marine x2  
  34  4:11  SCV  
  34  4:15  Starport  
  35  4:20  Orbital Command  
  35  4:23  Marine x2, SCV  
  37  4:26  Siege Tank  
  40  4:35  SCV, Refinery  
  41  4:47  SCV  
  41  4:48  Barracks Tech Lab, Barracks Reactor  
  42  4:53  Starport  
  42  4:59  SCV  
  43  5:09  SCV  
  43  5:12  Medivac  
  46  5:30  Stimpack  
  46  5:35  Supply Depot  
  46  5:36  Supply Depot x2  
  46  5:48  Engineering Bay  
  46  5:56  Marine x3  
  46  5:57  SCV, Medivac  
  51  6:09  SCV  
  51  6:10  Medivac  
  54  6:13  Supply Depot  
  54  6:14  Marine x3  
  54  6:15  Engineering Bay  
  54  6:18  Terran Infantry Weapons Level 1  
  57  6:21  SCV  
  58  6:31  Siege Tank  
  58  6:32  Marine x3  
  66  6:33  SCV  
  66  6:38  Armory  
  67  6:44  Factory  
  67  6:45  SCV, Starport Tech Lab  
  68  6:47  Starport Tech Lab  
  68  6:49  Marine  
  68  6:50  Marine x2  
  69  6:59  Terran Infantry Armor Level 1  
  69  7:04  Siege Tank  
  69  7:06  Supply Depot  
  69  7:08  Marine  
  73  7:12  Missile Turret  
  73  7:19  Missile Turret  
  73  7:24  Marine x2  
  73  7:25  Marine  
  76  7:30  Combat Shields  
  76  7:31  Supply Depot  
  76  7:34  Missile Turret  
  76  7:37  Command Center  
  76  7:42  Marine x2  
  76  7:43  Marine  
  78  7:51  Missile Turret  
  78  7:52  Medivac x2  
  78  7:54  Supply Depot  
  81  8:00  Marine x2  
  81  8:01  Marine  
  84  8:16  Supply Depot  
  84  8:17  Marine  
  84  8:18  Marine  
  84  8:19  Marine  
  87  8:22  Medivac x2  
  87  8:25  Command Center  
  91  8:34  Factory Tech Lab  
  91  8:35  Marine, Siege Tank  
  91  8:36  Marine  
  91  8:37  Marine  
  86  8:51  Banshee  
  86  8:52  Banshee  
  86  8:53  Marine x2  
  86  8:55  Marine  
  95  9:04  Cloaking Field  
  95  9:10  Siege Tank  
  95  9:11  Marine x2  
  95  9:12  Marine  
  101  9:21  SCV  
  102  9:29  Marine x2  
  102  9:30  Marine  
  105  9:33  SCV  
  109  9:46  Marine, Siege Tank  
  109  9:47  Marine  
  109  9:49  Marauder  
  102  10:04  Marine  
  102  10:05  Marine  
  103  10:10  Marauder  
Show
View Real Time Build Order
Export as new Build Order

Felipe Protoss 

Build Orders:  

Get SALT Encoding   

  12  0:10  Probe  
  12  0:12  Pylon  
  13  0:18  Probe  
  13  0:28  Probe  
  14  0:31  Assimilator  
  15  0:42  Gateway  
  15  0:48  Gateway  
  15  0:51  Probe  
  16  1:03  Probe  
  17  1:05  Assimilator  
  17  1:16  Gateway  
  17  1:19  Probe  
  18  1:31  Probe  
  19  1:37  Cybernetics Core  
  19  1:39  Probe  
  20  1:47  Probe  
  21  2:08  Nexus  
  21  2:14  Stalker  
  23  2:27  Pylon  
  23  2:45  Stalker x2  
  27  2:53  Probe  
  28  3:05  Probe  
  29  3:16  Stalker  
  31  3:20  Stalker  
  31  3:21  Probe  
  34  3:30  Probe  
  35  3:39  Probe  
  35  3:46  Stalker  
  38  3:50  Stalker  
  38  3:51  Pylon  
  38  3:52  Probe  
  41  3:59  Pylon  
  41  4:04  Probe  
  42  4:12  Probe  
  42  4:16  Probe  
  44  4:23  Assimilator  
  44  4:24  Forge  
  44  4:25  Probe  
  45  4:37  Gateway  
  45  4:38  Pylon  
  45  4:45  Twilight Council, Probe  
  46  4:47  Zealot x2  
  50  4:53  Probe  
  51  5:01  Probe x2  
  51  5:03  Charge  
  51  5:06  Protoss Ground Weapons Level 1  
  53  5:09  Stargate  
  53  5:11  Probe  
  53  5:13  Robotics Facility, Probe  
  55  5:26  Zealot x2  
  59  5:35  Protoss Air Weapons Level 1  
  59  5:48  Photon Cannon  
  59  5:53  Probe  
  59  5:55  Void Ray  
  64  6:01  Photon Cannon  
  64  6:05  Probe  
  64  6:09  Probe  
  66  6:11  Pylon  
  66  6:16  Assimilator  
  66  6:18  Pylon  
  66  6:20  Zealot  
  66  6:21  Zealot  
  70  6:29  Observer, Probe  
  70  6:32  Pylon  
  72  6:35  Dark Shrine  
  72  6:42  Zealot  
  74  6:50  Void Ray  
  74  6:51  Immortal  
  82  6:56  Pylon  
  82  7:02  Probe  
  83  7:14  Probe  
  84  7:20  Zealot, Stalker  
  84  7:21  Stalker  
  90  7:30  Observer  
  90  7:33  Void Ray  
  95  7:56  Protoss Ground Armor Level 1  
  95  8:22  Forge, Zealot  
  95  8:23  Zealot, Stalker  
  101  8:29  Pylon  
  101  8:32  Pylon  
  101  8:38  Void Ray  
  67  8:49  Stalker  
  67  8:50  Zealot  
  67  8:53  Zealot  
  71  8:57  Immortal  
  75  9:12  Shield Battery  
  75  9:17  Stalker  
  75  9:19  Photon Cannon, Stalker  
  75  9:21  Void Ray  
  83  9:26  Robotics Bay  
  83  9:34  Stalker  
  83  9:36  Warp Prism  
  87  9:47  Zealot  
Tags
 
Composition
MMM Bio
League
Silver
Matchup
PvT
Spawn Locations
Cross Positions
Add a new tag
Caveats
  • Supply blocks, unpowered buildings, or Contaminate may cause inaccurate times.
  • Supply counts are checked every 10 seconds.